 Dungeon Crawl Stone Soup version 0.22-a0-542-gce4f928 (webtiles) character file.

93 iamserjio the Insei (level 4, -3/27 HPs)
             Began as an Octopode Chaos Knight on June 24, 2018.
             Slain by Pikel
             ... wielding a +2 whip of flaming
              (9 damage)
             ... on level 3 of the Dungeon.
             The game lasted 00:04:22 (1839 turns).

iamserjio the Insei (Octopode Chaos Knight)         Turns: 1839, Time: 00:04:23

Health: -3/27      AC:  1    Str: 13    XL:     4   Next: 62%
Magic:  4/4        EV: 19    Int: 16    God:    Xom [.....*]
Gold:   126        SH:  0    Dex: 15    Spells: 3/3 levels left

rFire    . . .     SeeInvis .     - Unarmed
rCold    . . .     Gourm    .   (no shield)
rNeg     . . .     Faith    .   (helmet restricted)
rPois    .         Spirit   .   (no amulet)
rElec    .         Reflect  .   (no ring)
rCorr    .         Harm     .   (no ring)
MR       .....                  (no ring)
Stlth    ++++......             (no ring)
HPRegen  0.09/turn              (no ring)
MPRegen  0.09/turn              (no ring)
                                (no ring)
                                (no ring)

@: agile
A: almost no armour, stealthy swim, amphibious, 8 rings, constrict 8, camouflage
1, clever 1, clumsy 1, frail 1, strong 1, gelatinous body 1
a: Renounce Religion


You were on level 3 of the Dungeon.
You worshipped Xom.
You were Xom's teddy bear.
You were hungry.

You visited 1 branch of the dungeon, and saw 4 of its levels.

You collected 126 gold pieces.

Inventory:

Armour
 k - a +0 buckler
Wands
 o - a wand of random effects (27)
Scrolls
 b - a scroll of identify {unknown}
 d - a scroll of random uselessness {unknown}
 g - a scroll of blinking {unknown}
 h - a scroll of fog {unknown}
 i - a scroll of enchant weapon {unknown}
 l - 3 scrolls of noise {unknown}
 m - 2 scrolls of immolation {unknown}
 n - a scroll of teleportation {unknown}
Potions
 c - a potion of flight
 e - a potion of might
Comestibles
 a - 6 rations


   Skills:
 + Level 3.5 Fighting
 + Level 3.0 Dodging
 + Level 2.5 Stealth
 * Level 4.0 Unarmed Combat


You had 3 spell levels left.
You didn't know any spells.
Your spell library was empty.

Dungeon Overview and Level Annotations

Branches:
Dungeon (4/15)
 Temple: D:4-7

Altars:
Ru
Trog
Wu Jian

Annotations:
D:3 Grinder, Pikel


Innate Abilities, Weirdness & Mutations

You cannot wear most types of armour.
You are very stealthy in the water. (Stealth+)
You are amphibious.
You can wear up to eight rings at the same time.
You can use your tentacles to constrict eight enemies at once.
Your skin changes colour to match your surroundings (Stealth+).
Your rubbery body absorbs attacks. (AC +1, EV +1)
Your mind is acute. (Int +2)
You are clumsy. (Dex -2)
You are frail. (-10% HP)
Your muscles are strong. (Str +2)


Message History

You tentacle-slap Pikel but do no damage.
Pikel is heavily wounded.
You constrict Pikel. Pikel closely misses you.
You tentacle-slap Pikel but do no damage.
Pikel is heavily wounded.
You constrict Pikel. Pikel hits you with a whip of flaming! Pikel burns you.
You tentacle-slap Pikel. You squeeze Pikel, but do no damage.
Pikel is severely wounded.
You constrict Pikel, but do no damage. Pikel misses you.
You tentacle-slap Pikel.
Pikel is severely wounded.
You constrict Pikel. Pikel hits you with a whip of flaming!
* * * LOW HITPOINT WARNING * * *
Pikel burns you.
* * * LOW HITPOINT WARNING * * *
You tentacle-slap Pikel but do no damage.
Pikel is severely wounded.
You constrict Pikel! Pikel hits you with a whip of flaming!
You die...
Xom guffaws!

* , * #..# **#..#** #####
...... , #...######
*.##..#
.........##*.##..#
#...###...##.##§§#
...........#.##§§#
...............§@#*
...........#.###K##
....###..........§# #...#
##...#.####.#####.#
#...####..#######.......#
....[.....###.....####..#
#####......#........#
,,.......##.#..##.##.#
*####.####.#.†#...# #


You could see Pikel.

Vanquished Creatures
  A slave (D:4)
  Ijyb (D:3)
  An adder (D:2)
  2 worms (D:2)
  A leopard gecko (D:1)
  An orc (D:4)
  4 bats (D:1)
  8 giant cockroaches
  5 goblins
  7 hobgoblins
  4 jackals (D:1)
  A quokka (D:3)
  2 frilled lizards
  4 kobolds
  4 rats (D:1)
46 creatures vanquished.

Vanquished Creatures (collateral kills)
  A bat (D:3)
1 creature vanquished.

Grand Total: 47 creatures vanquished

Notes
Turn   | Place    | Note
-------+----------+-------------------------------------------
     0 | D:1      | iamserjio the Octopode Chaos Knight began the quest for the Orb.
     0 | D:1      | Reached XP level 1. HP: 16/16 MP: 1/1
   148 | D:1      | Reached XP level 2. HP: 17/21 MP: 2/2
   193 | D:1      | Reached skill level 1 in Stealth
   200 | D:1      | XOM: potion effect (might)
   429 | D:1      | Reached XP level 3. HP: 26/26 MP: 3/3
   490 | D:1      | XOM: mild Tloc miscast
   614 | D:1      | XOM: mild Fire miscast
   737 | D:1      | XOM: scenery: 1 doors close
  1081 | D:2      | Reached XP level 4. HP: 31/31 MP: 4/4
  1084 | D:2      | Found a bloodstained altar of Trog.
  1084 | D:2      | Found a sacrificial altar of Ru.
  1113 | D:2      | XOM: divination: magic mapping
  1490 | D:2      | XOM is BORED!
  1490 | D:2      | XOM: give mutations
  1490 | D:2      | Gained mutation: Your mind is acute. (Int +2) [Xom's mischief]
  1490 | D:2      | Gained mutation: Your muscles are strong. (Str +2) [Xom's mischief]
  1490 | D:2      | Gained mutation: You are frail. (-10% HP) [Xom's mischief]
  1490 | D:2      | Gained mutation: You are clumsy. (Dex -2) [Xom's mischief]
  1622 | D:3      | Noticed Grinder
  1628 | D:3      | XOM: divination: magic mapping
  1631 | D:3      | Paralysed by Grinder for 3 turns
  1712 | D:3      | Noticed Ijyb
  1716 | D:3      | XOM: fog
  1717 | D:3      | XOM: summons friendly white imp
  1721 | D:3      | Killed Ijyb
  1721 | D:3      | Reached skill level 4 in Unarmed Combat
  1750 | D:3      | Found an ornate altar of the Wu Jian Council.
  1789 | D:4      | Noticed a slave
  1791 | D:4      | XOM: summons 2 friendly demons
  1801 | D:4      | Killed a slave
  1807 | D:4      | Noticed a slave
  1808 | D:4      | Noticed Pikel
  1812 | D:4      | Noticed a slave
  1812 | D:4      | Noticed an ogre
  1812 | D:4      | Noticed a slave
  1820 | D:4      | XOM: divination: magic mapping
  1830 | D:3      | XOM: smoke on damage
  1839 | D:3      | Slain by Pikel

Vault maps used:
D:1:      saegor_arrival_simple_c
D:2:      gammafunk_temple_overflow_statue, first_ration,
          minmay_misc_feat_encased
D:3:      nicolae_overflow_crystal_walls, chequers_ecumenical_altar_simple,
          kennysheep_generic_room_15, uniq_ijyb, uniq_grinder
D:4:      nicolae_ossuary_entry_catacombs, serial_shops, shop_fountains,
          kennysheep_potato, uniq_pikel

Skill      XL: |  1  2  3  4 |
---------------+-------------+-----
Stealth        | 1 2 |  2.5
Dodging        | 3 |  3.0
Unarmed Combat | 4 |  4.0
Fighting       | |  3.5

Action                   |  1- 3 |  4- 6 || total
-------------------------+-------+-------++-------
Melee: Unarmed           |    76 |    31 ||   107
       Constrict         |    22 |     5 ||    27
       Tentacles         |    10 |     8 ||    18
       Punch             |     1 |     1 ||     2
  Use: Potion            |       |     3 ||     3
 Stab: Sleeping          |     9 |     3 ||    12
  Eat: Chunk             |       |     2 ||     2
Armor: Skin              |     4 |       ||     4
Dodge: Dodged            |    34 |    22 ||    56

Table legend:
 A = Spawn XP
 B = Non-spawn XP
 C = Spawn XP percentage of total XP
 D = Spawn monster count
 E = Non-spawn monster count
 F = Spawn count percentage of total count
 G = Total turns spent on level
                    A         B        C        D         E        F      G
               +---------+---------+-------+---------+---------+-------+---------
         Total |       0 |     134 |   0.0 |       0 |      46 |   0.0 |  1839
               +---------+---------+-------+---------+---------+-------+---------
           D:1 |       0 |      58 |   0.0 |       0 |      32 |   0.0 |   838
           D:2 |       0 |      34 |   0.0 |       0 |       9 |   0.0 |   809
           D:3 |       0 |      39 |   0.0 |       0 |       4 |   0.0 |   144
           D:4 |       0 |       3 |   0.0 |       0 |       1 |   0.0 |    48
               +---------+---------+-------+---------+---------+-------+---------
